 Dungeon Crawl Stone Soup version 0.20.1-1-g8b1a95d (webtiles) character file.

13276 Dustman the Cleaver (level 11, -4/84 HPs)
             Began as a Demonspawn Gladiator on Aug 4, 2017.
             Was a Follower of Makhleb.
             Slain by Rupert
             ... wielding a +4 battleaxe of freezing
              (21 damage)
             ... while paralysed by Rupert
             ... on level 3 of the Lair of Beasts.
             The game lasted 01:43:38 (9245 turns).

Dustman the Cleaver (Demonspawn Gladiator)          Turns: 9245, Time: 01:43:39

Health: -4/84      AC: 10    Str: 19    XL:     11   Next: 73%
Magic:  0/16       EV:  2    Int:  9    God:    Makhleb [*.....]
Gold:   493        SH:  0    Dex: 20    Spells: 10/10 levels left

rFire    . . .     SeeInvis +   k - +1 battleaxe
rCold    + . .     Gourm    .   (shield currently unavailable)
rNeg     . . .     Faith    .   I - +3 leather armour "Nehalat" {rPois Str+2}
rPois    +         Spirit   +   (helmet restricted)
rElec    +         Reflect  .   D - +0 cloak
rCorr    .         Harm     .   (no gloves)
MR       .....     Rnd*Rage +   j - +1 pair of boots
Stlth    ++........             N - amulet "Fistil" {+Inv rElec MR- Regen+ Dex+4}
Regen    0.0/turn               K - ring of protection from cold
MPRegen  0.3/turn               v - +3 ring of evasion

@: paralysed
A: antennae 1, see invisible, berserk 1, demonic guardian 2, inhibited
regeneration, magic shield, magic regeneration, sturdy frame 2
a: Renounce Religion, Evoke Invisibility


You were on level 3 of the Lair of Beasts.
You worshipped Makhleb.
Makhleb was aware of your devotion.
You were not hungry.

You visited 3 branches of the dungeon, and saw 16 of its levels.
You also visited: Trove.

You collected 556 gold pieces.
You spent 63 gold pieces at shops.

Inventory:

Hand Weapons
 e - a +3 war axe
 k - a +1 battleaxe (weapon)
Missiles
 c - 3 throwing nets (quivered)
Armour
 j - a +1 pair of boots (worn)
 l - a +1 helmet
 D - a +0 cloak (worn)
 I - the +3 leather armour "Nehalat" (worn) {rPois Str+2}
   (You found it on level 7 of the Dungeon)

   It affects your strength (+2).
   It protects you from poison.
Jewellery
 q - an uncursed ring of see invisible
 s - an uncursed ring of resist corrosion
 t - an uncursed ring of poison resistance
 v - a +3 ring of evasion (right hand)
 K - a ring of protection from cold (left hand)
 N - the amulet "Fistil" (around neck) {+Inv rElec MR- Regen+ Dex+4}
   (You found it in a treasure trove)

   [amulet of regeneration]

   It affects your dexterity (+4).
   It insulates you from electricity.
   It affects your resistance to hostile enchantments.
   It lets you turn invisible.
   It increases your rate of regeneration.
Wands
 o - a wand of acid (3/15)
 L - a wand of digging (24/24)
Scrolls
 a - 3 scrolls of magic mapping
 g - 5 scrolls of teleportation
 h - a scroll of blinking
 n - a scroll of enchant weapon
 p - 4 scrolls of remove curse
 x - a scroll of identify
Potions
 b - 4 potions of curing
 d - a potion of invisibility
 i - a potion of flight
 u - 3 potions of heal wounds
 w - 2 potions of resistance {unknown}
 z - a potion of brilliance
 B - a potion of might
 C - a potion of magic
 E - 3 potions of haste
Comestibles
 f - 9 bread rations
 m - 4 royal jellies
 r - 8 meat rations
 A - 2 chunks of flesh
 F - 3 fruits


   Skills:
 - Level 7.4 Fighting
 * Level 14.0 Axes
 - Level 1.7 Throwing
 - Level 5.5 Armour
 - Level 2.6 Dodging
 - Level 6.9 Invocations


You had 10 spell levels left.
You didn't know any spells.

Dungeon Overview and Level Annotations

Branches:
Dungeon (12/15)            Temple (1/1) D:6            Lair (3/6) D:11
  Snake (0/4) Lair:2
  Swamp: Lair:2-4    Shoals: Lair:2-4       Orc: D:9-12

Altars:
Ashenzari
Cheibriados
Dithmenos
Elyvilon
Fedhas
Gozag
Hepliaklqana
Kikubaaqudgha
Makhleb
Nemelex Xobeh
Okawaru
Qazlal
Ru
Sif Muna
Trog
Uskayaw
Vehumet
Xom
Yredelemnul
Zin
The Shining One

Shops:
D:5 [   D:8 (

Annotations:
D:5 Dowan, Duvessa, Pikel
Lair:3 Rupert


Innate Abilities, Weirdness & Mutations

A demonic guardian rushes to your aid.
When hurt, damage is shared between your health and your magic reserves.
You regenerate magic rapidly.
Your movements are less encumbered by armour. (ER -4)
You have a pair of small antennae on your head.
You have supernaturally acute eyesight. (SInv)
You tend to lose your temper in combat.
You do not regenerate when monsters are visible.


Message History

Wield which item (- for none, * to show all)? (? for menu, Esc to quit)
k - a +1 battleaxe (weapon)
You swing at nothing.
You swing at nothing.
You swing at nothing.
Rupert the Wild comes into view.
He is wielding a battleaxe of freezing.
Rupert shouts!
Rupert roars wildly at you.
You suddenly lose the ability to move!
Rupert yells loudly at you.
You shrug off the repeated paralysis!
Rupert looks as if he doubts whether you exists.
Rupert roars madly and goes into a rage!
Rupert goes berserk!
Rupert hits you with a battleaxe of freezing!!!
* * * LOW HITPOINT WARNING * * *
Rupert freezes you!
* * * LOW HITPOINT WARNING * * *
Rupert hits you with a battleaxe of freezing!!
You die...

................#...# ##
..............#......P#####.#
..#$....#.....#............#.
....#.. .......##.......
..... #.....##.... # ....
##......##.## # #..
.#.....P#..P#+##
##.#@#.............†
..##..@##..............
.......3................
.#P.#.####.####.P.#..#.. ##
## ### ##########


You could see Rupert (berserk) and a friendly soul eater.

Vanquished Creatures
  Harold (D:11)
  A death knight (D:12)
  2 unseen horrors
  A spiny frog (Lair:2)
  A gargoyle (D:12)
  A komodo dragon (Lair:3)
  Grinder (D:3)
  3 hippogriffs
  3 blink frogs (Lair:3)
  A wraith (D:10)
  4 yaks
  A steam dragon (D:6)
  2 nagas (Lair:2)
  2 water moccasins
  A porcupine (Lair:3)
  2 ice beasts
  An orc warrior (D:6)
  A sky beast (D:7)
  3 necrophages
  An eye of draining (D:12)
  A phantom (D:10)
  2 ogres
  2 crocodiles
  2 centaurs
  10 bullfrogs
  A gnoll sergeant (D:6)
  4 scorpions
  8 killer bees
  A howler monkey (D:8)
  A bullfrog zombie (D:6)
  A centaur zombie (D:10)
  A quasit (D:10)
  3 hounds
  2 centaur skeletons
  2 orc priests
  3 jellies
  3 orc wizards (D:6)
  A bullfrog skeleton (D:7)
  4 iguanas
  6 hell rats (Lair:2)
  Ijyb (D:5)
  7 worker ants
  2 hound skeletons
  2 howler monkey zombies
  A worker ant zombie (D:9)
  Robin (D:3)
  6 gnolls
  10 adders
  2 worms
  A dart slug (D:1)
  2 leopard geckos
  25 orcs
  4 ball pythons
  5 bats
  A giant cockroach (D:3)
  10 goblins
  13 hobgoblins
  15 jackals
  7 quokkas
  A ball python skeleton (D:5)
  5 frilled lizards
  7 kobolds
  A leopard gecko skeleton (D:3)
  A leopard gecko zombie (D:6)
  7 rats
  A butterfly (Lair:2)
  A fungus (Lair:1)
230 creatures vanquished.

Vanquished Creatures (collateral kills)
  A centaur warrior (D:12)
  2 two-headed ogres
  A black mamba (Lair:3)
  Psyche (D:9)
  A rime drake (Lair:2)
  2 blink frogs (Lair:3)
  4 hippogriffs
  6 yaks
  A basilisk (Lair:3)
  A hungry ghost (D:9)
  A soldier ant (D:12)
  A sky beast (D:7)
  An ice beast (D:12)
  An ogre (D:8)
  A wolf (Lair:2)
  A necrophage (D:7)
  A centaur (D:5)
  3 bullfrogs
  3 howler monkeys
  A quasit (D:7)
  An iguana (D:8)
  A worker ant (D:9)
  An orc (D:6)
37 creatures vanquished.

Grand Total: 267 creatures vanquished

Notes
Turn   | Place    | Note
-------+----------+-------------------------------------------
     0 | D:1      | Dustman the Demonspawn Gladiator began the quest for the Orb.
     0 | D:1      | Reached XP level 1. HP: 16/16 MP: 1/1
   156 | D:1      | Reached skill level 3 in Axes
   216 | D:1      | Gained mutation: Your movements are slightly less encumbered by armour. (ER -2) [demonic ancestry]
   216 | D:1      | Reached XP level 2. HP: 16/22 MP: 2/2
   452 | D:1      | Reached XP level 3. HP: 7/27 MP: 3/3
   704 | D:2      | Reached skill level 4 in Axes
   953 | D:3      | Gained mutation: When hurt, damage is shared between your health and your magic reserves. [demonic ancestry]
   953 | D:3      | Reached XP level 4. HP: 27/33 MP: 4/4
  1042 | D:3      | Reached skill level 1 in Armour
  1237 | D:3      | Noticed Grinder
  1238 | D:3      | Paralysed by Grinder for 3 turns
  1245 | D:3      | Noticed Robin
  1373 | D:3      | Killed Robin
  1392 | D:3      | Gained mutation: You regenerate magic rapidly. [demonic ancestry]
  1392 | D:3      | Reached XP level 5. HP: 21/38 MP: 5/5
  1396 | D:3      | Reached skill level 5 in Axes
  1543 | D:3      | Killed Grinder
  1543 | D:3      | Reached XP level 6. HP: 27/44 MP: 3/6
  1733 | D:4      | Reached skill level 6 in Axes
  2154 | D:5      | Entered Level 5 of the Dungeon
  2154 | D:5      | Noticed Ijyb
  2163 | D:5      | Killed Ijyb
  2266 | D:5      | Gained mutation: A weak demonic guardian rushes to your aid. [demonic ancestry]
  2266 | D:5      | Reached XP level 7. HP: 49/50 MP: 7/7
  2589 | D:5      | Found Apebbiory's Armour Shop.
  2594 | D:5      | Bought a +0 cloak for 63 gold pieces
  2954 | D:5      | Noticed Dowan
  2958 | D:5      | Noticed Pikel
  2959 | D:5      | Noticed Duvessa
  3029 | D:6      | Reached skill level 7 in Axes
  3112 | D:6      | Noticed a steam dragon
  3132 | D:6      | Killed a steam dragon
  3284 | D:7      | Gained mutation: A demonic guardian rushes to your aid. [demonic ancestry]
  3284 | D:7      | Reached XP level 8. HP: 36/56 MP: 8/8
  3416 | D:7      | Reached skill level 8 in Axes
  3460 | D:7      | Got a scorched leather armour
  3474 | D:7      | Identified the +3 leather armour "Nehalat" {rPois Str+2} (You found it on level 7 of the Dungeon)
  3625 | D:6      | Found a shimmering altar of Xom.
  3830 | D:6      | Reached skill level 5 in Armour
  4364 | D:6      | Reached skill level 9 in Axes
  4641 | D:6      | Found a staircase to the Ecumenical Temple.
  4651 | Temple   | Entered the Ecumenical Temple
  4767 | Temple   | Became a worshipper of Makhleb the Destroyer
  4834 | D:8      | Found Cinemuipn's Antique Weapon Shop.
  4926 | D:8      | Found a shadowy altar of Dithmenos.
  5035 | D:8      | Reached skill level 1 in Invocations
  5094 | D:8      | Noticed a hippogriff
  5103 | D:8      | Killed a hippogriff
  5129 | D:8      | Reached XP level 9. HP: 58/62 MP: 10/10
  5474 | D:8      | Reached * piety under Makhleb
  5559 | D:9      | Reached skill level 10 in Axes
  5611 | D:9      | Reached skill level 5 in Invocations
  5688 | D:9      | Noticed Psyche
  5703 | D:9      | Killed Psyche
  6050 | D:9      | Reached XP level 10. HP: 69/69 MP: 14/14
  6172 | D:10     | Entered Level 10 of the Dungeon
  6334 | D:10     | Reached skill level 5 in Fighting
  6543 | D:10     | Reached skill level 11 in Axes
  6628 | D:10     | Noticed a two-headed ogre
  6636 | D:10     | Killed a two-headed ogre
  6919 | D:11     | Killed an unseen horror
  7059 | D:11     | Reached ** piety under Makhleb
  7118 | D:11     | Found a staircase to the Lair.
  7199 | D:11     | Found a portal to a secret trove of treasure.
  7202 | D:11     | Noticed Harold
  7211 | D:11     | Gained mutation: You have supernaturally acute eyesight. (SInv) [potion of mutation]
  7211 | D:11     | Gained mutation: You do not regenerate when monsters are visible. [potion of mutation]
  7211 | D:11     | Gained mutation: You tend to lose your temper in combat. [potion of mutation]
  7211 | D:11     | Gained mutation: You have a pair of small antennae on your head. [potion of mutation]
  7217 | D:11     | Killed Harold
  7350 | Trove    | Entered a treasure trove
  7447 | Trove    | Got a steaming ruby amulet
  7476 | D:11     | Identified the amulet "Fistil" {+Inv rElec MR- Regen+ Dex+4} (You found it in a treasure trove)
  7547 | D:11     | Noticed a two-headed ogre
  7551 | D:11     | Killed a two-headed ogre
  7551 | D:11     | Reached skill level 12 in Axes
  7716 | D:12     | Noticed a death knight
  7726 | D:12     | Killed a death knight
  7726 | D:12     | Gained mutation: Your movements are less encumbered by armour. (ER -4) [demonic ancestry]
  7726 | D:12     | Reached XP level 11. HP: 56/77 MP: 9/16
  7840 | D:12     | Noticed an unseen horror
  7856 | D:12     | Killed an unseen horror
  7912 | D:12     | Noticed a centaur warrior
  7922 | D:12     | Killed a centaur warrior
  7966 | D:12     | Noticed a five-headed hydra
  8037 | Lair:1   | Entered Level 1 of the Lair of Beasts
  8280 | Lair:2   | Reached skill level 13 in Axes
  8388 | Lair:2   | HP: 3/84 [hell rat (6)]
  8791 | Lair:2   | Found a bloodstained altar of Trog.
  8827 | Lair:2   | Found a staircase to the Snake Pit.
  9227 | Lair:3   | Reached skill level 14 in Axes
  9242 | Lair:3   | Noticed Rupert
  9242 | Lair:3   | Paralysed by Rupert for 7 turns
  9245 | Lair:3   | Slain by Rupert

Skill      XL: |  1  2  3  4  5  6  7  8  9 10 11 |
---------------+----------------------------------+-----
Axes           | 3 4 5 6 7 9 10 12 14 | 14.0
Armour         | 1 2 3 4 5 |  5.5
Invocations    | 1 5 6 |  6.9
Fighting       | 4 7 |  7.4
Throwing       | |  1.7
Dodging        | |  2.6

Action                   |  1- 3 |  4- 6 |  7- 9 | 10-12 || total
-------------------------+-------+-------+-------+-------++-------
Melee: War axe           |   142 |   184 |   359 |   313 ||   998
Throw: Throwing net      |     7 |     1 |       |     4 ||    12
Evoke: Wand              |       |     5 |     9 |     4 ||    18
  Use: Scroll            |       |     5 |     5 |    17 ||    27
       Potion            |       |       |     6 |     6 ||    12
 Stab: Sleeping          |     1 |       |     1 |     3 ||     5
       Held in net/web   |       |     1 |       |     2 ||     3
       Distracted        |       |       |     3 |     1 ||     4
  Eat: Chunk             |       |     5 |    12 |     5 ||    22
       Fruit             |       |       |       |     7 ||     7
Armor: Leather armour    |    33 |       |    94 |    93 ||   220
       Chain mail        |    43 |    19 |       |       ||    62
       Ring mail         |       |    46 |    25 |       ||    71
       Plate armour      |       |       |    29 |       ||    29
       Skin              |       |       |    10 |       ||    10
Dodge: Dodged            |    92 |    94 |   236 |   215 ||   637
